Match 38468546
Unlisted

Match 38468546
End
Construct Infanterie Kompanie
Selects Mechanized Battlegroup
Grenadier Squad
Grenadier Squad
MG 42 Machine Gun Team
Grenadier Squad
Selects Mobile Repair Stations
Construct Luftwaffe Kompanie
Medical Station
Selects Wespe Self-propelled Artillery
Construct Panzer Kompanie
Jäger Squad
Wespe Self-propelled Artillery
Selects Zeroing Artillery Barrage
Stoßtruppen Squad
Luftwaffe Officer Quarters
Flak 30 Anti-aircraft Gun Team
Selects Raid Package
Sturmpanzer IV Brummbär
Zeroing Artillery Barrage
Panzer Officer Quarters
Selects StuG Assault Group
Selects UNKNOWN (2160084)
qZeto
Epicdeath
BIOHAZARD
Gorgolo
DeltaBravo82
ClockworkVex
fondu3
kavallero
0
0

Comments sign in to comment!

No comments posted yet!